[Event "XI Continental-ch America 2016"]
[Site "San Salvador"]
[Date "2016.05.30"]
[Round "4"]
[White "Cordova, Emilio"]
[Black "Kevel, Oliva"]
[Result "1-0"]
[ECO "A05"]
[WhiteElo "2602"]
[BlackElo "2500"]
[PlyCount "71"]
[EventDate "2016.??.??"]
[EventCountry "ESA"]
[TimeControl "40/5400+30:1800+30"]
[WhiteClock "0:11:52"]
[BlackClock "0:13:49"]

1. Nf3 Nf6 2. g3 g6 3. Bg2 Bg7 4. b3 Ne4 5. c3 O-O 6. Bb2 d5 7. d3 Nd6 8. O-O c5 9. Re1 e5 10. Nfd2 Be6 11. c4 d4 12. b4 cxb4 13.
a3 Nc6 14. Nb3 Qc7 15. Nc5 Bc8 16. axb4 Nxb4 17. Ba3 Qxc5 18. Qb3 Qc7 19. Bxb4 Re8 20. Nd2 a6 21. Reb1 Ra7 22. Ba5 Qb8 23. Bb6 Ra8 24. Bc5 Bf8 25. h3 Qc7 26. Bb6 Qd7 27. Ra5 Kg7 28. Rc5 Re7 29. Rd5 Qe6 30. Bc5 Rd7 31. Qa3 a5 32. Rb6 Ra6 33. Rxa6 bxa6 34. Ne4 Bb7 35. Nxd6 Rc7 36. Ne4 1-0

[Event "XI Continental-ch America 2016"]
[Site "San Salvador"]
[Date "2016.05.30"]
[Round "4"]
[White "Gemy, Jose"]
[Black "Kovalyov, Anton"]
[Result "0-1"]
[ECO "A05"]
[WhiteElo "2410"]
[BlackElo "2602"]
[PlyCount "84"]
[EventDate "2016.??.??"]
[EventCountry "ESA"]
[TimeControl "40/5400+30:1800+30"]
[WhiteClock "0:03:13"]
[BlackClock "0:24:13"]

1. Nf3 Nf6 2. g3 d5 3. Bg2 c6 4. O-O Bf5 5. d3 h6 6. Nbd2 e6 7. c4 Nbd7 8. b3 Be7 9. Bb2 O-O 10. a3 a5 11. Rc1 Bh7 12. Rc2 Bd6 13.
Qa1 Re8 14. Ne5 Nxe5 15. Bxe5 Bf8 16. Nf3 Nd7 17. Bb2 Nc5 18. Qa2 Qb6 19. Nd2 Rad8 20. cxd5 cxd5 21. Rfc1 Na6 22. Qa1 f6 23. Bd4 Qd6 24. Bc3 Qxa3 25. Ra2 Qd6 26. Rxa5 Rc8 27. e4 Nb4 28. Bf1 Nc6 29. Rb5 Ra8 30. Qb1 Qd7 31. exd5 exd5 32. Bg2 Nd4 33. Bxd5+ Kh8 34. Bxd4 Qxb5 35. Be4 Rad8 36. Bxh7 Kxh7 37. Rc4 Qf5 38. Bb6 Rxd3 39. Rd4 Rf3 40. Ne4 Re6 41. Ba7 b6 42. g4 Qg6 0-1

[Event "XI Continental-ch America 2016"]
[Site "San Salvador"]
[Date "2016.05.30"]
[Round "4"]
[White "Morovic Fernandez, Ivan"]
[Black "Mareco, Sandro"]
[Result "1/2-1/2"]
[ECO "B90"]
[WhiteElo "2573"]
[BlackElo "2625"]
[PlyCount "41"]
[EventDate "2016.??.??"]
[EventCountry "ESA"]
[TimeControl "40/5400+30:1800+30"]
[WhiteClock "0:23:49"]
[BlackClock "0:29:09"]

1. e4 c5 2. Nf3 d6 3. d4 cxd4 4. Nxd4 Nf6 5. Nc3 a6 6. h3 e6 7. g4 Nfd7 8. Bg2 Nc6 9. Be3 Be7 10. h4 O-O 11. g5 Rb8 12. f4 Re8 13.
Qd2 Nxd4 14. Bxd4 b5 15. O-O-O Qc7 16. f5 Ne5 17. f6 Bf8 18. Ne2 Nc4 19. Qd3 e5 20. Bf2 Qa5 21. Kb1 1/2-1/2

[Event "XI Continental-ch America 2016"]
[Site "San Salvador"]
[Date "2016.05.30"]
[Round "4"]
[White "Lenderman, Aleksandr"]
[Black "Flores, Diego"]
[Result "1-0"]
[ECO "A61"]
[WhiteElo "2614"]
[BlackElo "2592"]
[PlyCount "67"]
[EventDate "2016.??.??"]
[EventCountry "ESA"]
[TimeControl "40/5400+30:1800+30"]
[WhiteClock "0:43:36"]
[BlackClock "0:00:32"]

1. d4 Nf6 2. c4 e6 3. Nc3 c5 4. d5 exd5 5. cxd5 d6 6. Nf3 g6 7. Bf4 a6 8. a4 Bg7 9. h3 O-O 10. e3 Re8 11. Bd3 Nh5 12. Bh2 Nd7 13. Be2 f5 14. Nd2 Ne5 15.
Bxe5 Bxe5 16. Bxh5 gxh5 17. Qxh5 b6 18. Nc4 Bxc3+ 19. bxc3 Re4 20. Nd2 Rh4 21. Qf3 Ra7 22. g3 Rh6 23. Qf4 Qf6 24. Rb1 b5 25.
axb5 axb5 26. Rxb5 Kg7 27. O-O Rxh3 28. Rb8 Bd7 29. Rfb1 Rh6 30. R8b7 Rxb7 31. Rxb7 Qe7 32. Nc4 Qf7 33. Nxd6 Qh5 34. Nxf5+ 1-0

[Event "XI Continental-ch America 2016"]
[Site "San Salvador"]
[Date "2016.05.30"]
[Round "4"]
[White "Pichot, Alan"]
[Black "Ortiz Suarez, Isan Reynaldo"]
[Result "1-0"]
[ECO "B90"]
[WhiteElo "2532"]
[BlackElo "2578"]
[PlyCount "61"]
[EventDate "2016.??.??"]
[EventCountry "ESA"]
[TimeControl "40/5400+30:1800+30"]
[WhiteClock "0:27:31"]
[BlackClock "0:05:48"]

1. e4 c5 2. Nf3 d6 3. d4 cxd4 4. Nxd4 Nf6 5. Nc3 a6 6. Qd3 g6 7. Bg5 Bg7 8. O-O-O Nbd7 9. f4 O-O 10. Be2 Qc7 11. h4 e5 12. Nb3 h6 13. f5 d5 14. Qg3 Nxe4 15. Nxe4 dxe4 16. Be7 Re8 17. Bd6 Qc6 18. fxg6 f5 19. Na5 Qa4 20. Bc4+ Kh8 21. Qc3 e3 22. Bf7 e2 23. Bxe8 exd1=Q+ 24. Rxd1 Qxh4 25. Nc4 e4 26. Qg3 Qd8 27. Bxd7 Bxd7 28. Be5 Rc8 29. Nd6 Qe7 30. Nxc8 Bxc8 31. Bxg7+ 1-0

[Event "XI Continental-ch America 2016"]
[Site "San Salvador"]
[Date "2016.05.30"]
[Round "4"]
[White "Bruzon Batista, Lazaro"]
[Black "Arias, Lemnys"]
[Result "1-0"]
[ECO "D10"]
[WhiteElo "2681"]
[BlackElo "2309"]
[PlyCount "61"]
[EventDate "2016.??.??"]
[EventCountry "ESA"]
[TimeControl "40/5400+30:1800+30"]
[WhiteClock "0:33:39"]
[BlackClock "0:47:41"]

1. d4 d5 2. c4 c6 3. Nc3 Nf6 4. e3 a6 5. Nf3 g6 6. Bd3 Bg7 7. O-O O-O 8.
Qc2 b5 9. b3 Bb7 10. Rd1 Nbd7 11. Bb2 e6 12. Ba3 Re8 13. Bd6 Rc8 14. c5 Bf8 15. Bxf8 Kxf8 16. b4 e5 17. dxe5 Nxe5 18. Nxe5 Rxe5 19. a4 Qe7 20. h3 Kg8 21. Ne2 Ne4 22. f4 Rh5 23. Bxe4 dxe4 24. Ng3 Rd5 25. Rxd5 cxd5 26. axb5 axb5 27. Ne2 Bc6 28. Nd4 Be8 29. Ra6 Rd8 30. Kh2 Qh4 31. Qc3 1-0

[Event "XI Continental-ch America 2016"]
[Site "San Salvador"]
[Date "2016.05.30"]
[Round "4"]
[White "Erenburg, Sergey"]
[Black "Quintiliano, Renato"]
[Result "1-0"]
[ECO "B90"]
[WhiteElo "2587"]
[BlackElo "2441"]
[PlyCount "109"]
[EventDate "2016.??.??"]
[EventCountry "ESA"]
[TimeControl "40/5400+30:1800+30"]
[WhiteClock "0:13:49"]
[BlackClock "0:18:18"]

1. e4 c5 2. Nf3 d6 3. d4 cxd4 4. Nxd4 Nf6 5. Nc3 a6 6. Be3 e5 7. Nf3 Be7 8. Bc4 O-O 9. O-O Qc7 10. Bb3 Be6 11. Nh4 g6 12. Bh6 Re8 13.
Qd2 Ng4 14. Nf3 Nd7 15. Rfd1 Rac8 16. Bg5 Ngf6 17. Ne1 Qb8 18. Bxf6 Nxf6 19. Nd3 b5 20. Nb4 a5 21. Nbd5 Nxd5 22. Nxd5 a4 23. Nxe7+ Rxe7 24. Bxe6 Rxe6 25. c3 Rc4 26. Qd3 Qb7 27. f3 Qc6 28. a3 Qb6+ 29. Kh1 Rc6 30. Qe2 f5 31. Rd5 Rc4 32. exf5 gxf5 33. Rad1 Rg6 34. Qd2 Rc6 35. f4 exf4 36. Rxf5 Qe3 37. Qd5+ Qe6 38. Rxf4 Qxd5 39. Rxd5 Rc5 40. Rd2 Re5 41. h3 Rge6 42. Kg1 Re2 43. Rxe2 Rxe2 44. Rb4 Re5 45. Kf2 Kf7 46. Kf3 Rc5 47. Re4 Kf6 48. g4 h5 49. Kf4 hxg4 50. hxg4 Rc8 51. g5+ Kf7 52. Kg4 Rc5 53. Rf4+ Kg7 54. Rf5 d5 55. Kh5 1-0

[Event "XI Continental-ch America 2016"]
[Site "San Salvador"]
[Date "2016.05.30"]
[Round "4"]
[White "Arenas, David"]
[Black "Liang, Awonder"]
[Result "0-1"]
[ECO "C86"]
[WhiteElo "2496"]
[BlackElo "2410"]
[PlyCount "116"]
[EventDate "2016.??.??"]
[EventCountry "ESA"]
[TimeControl "40/5400+30:1800+30"]
[WhiteClock "0:02:54"]
[BlackClock "0:01:32"]

1. e4 e5 2. Nf3 Nc6 3. Bb5 a6 4. Ba4 Nf6 5. O-O Be7 6. Qe2 b5 7. Bb3 O-O 8. c3 d5 9. d3 Bb7 10. Nbd2 Re8 11. Rd1 Bf8 12. Nf1 Na5 13. Bc2 c5 14. Ng3 Qb6 15. h3 d4 16. Bd2 dxc3 17. bxc3 Rad8 18. Be3 Qc7 19. Nd2 Bc8 20. Qf3 Re6 21. Rac1 g6 22. d4 cxd4 23. cxd4 Rc6 24. Nb3 Rxc2 25. Rxc2 Qxc2 26. Rc1 Qxa2 27. Qxf6 Re8 28. Nxa5 Qxa5 29. d5 Bd7 30. Bb6 Qa3 31. Rc7 Bg7 32. Qg5 Qd6 33. Ba5 Rc8 34. Rb7 h6 35. Qe3 Bf8 36. Kh2 Be8 37. Qa7 h5 38. Bc7 Qf6 39. Rb8 Bd7 40. Rxc8 Bxc8 41. Qb8 Bd7 42. Bxe5 Qe7 43. Qc7 h4 44. Ne2 f6 45. Bxf6 Qxf6 46. Qxd7 Qxf2 47. Qe6+ Kg7 48. e5 Qxe2 49. d6 Kh7 50. Qf6 Bg7 51. Qxh4+ Qh5 52. Qe7 Qxe5+ 53. g3 Qf6 54. g4 b4
55. g5 Qf2+ 56. Kh1 b3 57.
d7 b2 58. Qe4 b1=Q+ 0-1

[Event "XI Continental-ch America 2016"]
[Site "San Salvador"]
[Date "2016.05.31"]
[Round "5"]
[White "Mareco, Sandro"]
[Black "Lenderman, Aleksandr"]
[Result "1/2-1/2"]
[ECO "A09"]
[WhiteElo "2625"]
[BlackElo "2614"]
[PlyCount "59"]
[EventDate "2016.??.??"]
[EventCountry "ESA"]
[TimeControl "40/5400+30:1800+30"]
[WhiteClock "0:37:31"]
[BlackClock "0:14:22"]

1. Nf3 d5 2. c4 d4 3. g3 Nc6 4. Bg2 e5 5. d3 Nf6 6. O-O Bd6 7. Na3 h6 8. Nc2 O-O 9. a3 a5 10. Bd2 a4 11. Nb4 Bd7 12. Rc1 Re8 13. Ne1 e4 14. Nd5 Nxd5 15.
cxd5 exd3 16. Nxd3 Na5 17. Bxa5 Rxa5 18. Rc4 Qf6 19. Qd2 b6 20. Nc1 Bc5 21. b4 axb3 22. Nxb3 Rxa3 23. Nxc5 bxc5 24. Rxc5 Rc3 25. Rc1 Rxc5 26. Rxc5 Qb6 27. Rc1 Bg4 28. Bf1 Re7 29. Rc4 Qb1 30. Rc1 1/2-1/2

[Event "XI Continental-ch America 2016"]
[Site "San Salvador"]
[Date "2016.05.31"]
[Round "5"]
[White "Gonzalez, Yuri"]
[Black "Leiva, Giuseppe"]
[Result "1-0"]
[ECO "E12"]
[WhiteElo "2555"]
[BlackElo "2384"]
[PlyCount "51"]
[EventDate "2016.??.??"]
[EventCountry "ESA"]
[TimeControl "40/5400+30:1800+30"]
[WhiteClock "0:37:51"]
[BlackClock "0:01:13"]

1. d4 Nf6 2. c4 e6 3. Nf3 b6 4. a3 Bb7 5. Nc3 d5 6. Qc2 Be7 7. cxd5 exd5 8.
Bf4 O-O 9. e3 c5 10. Bd3 c4 11. Bf5 g6 12. Bh3 Nc6 13. O-O Bc8 14. Ne5 Na5 15. Bxc8 Qxc8 16. Bg5 Qb7 17. f4 Rad8 18. f5 Kg7 19. Qf2 h6 20. Bxf6+ Bxf6 21. Ng4 g5 22. Qf3 Qc6 23. Ne2 c3 24. Ng3 Rd6 25. Nh5+ Kh7 26. b4 1-0

[Event "XI Continental-ch America 2016"]
[Site "San Salvador"]
[Date "2016.05.31"]
[Round "5"]
[White "Gonzalez, Bernal"]
[Black "Minero, Sergio"]
[Result "1/2-1/2"]
[ECO "D79"]
[WhiteElo "2476"]
[BlackElo "2392"]
[PlyCount "20"]
[EventDate "2016.??.??"]
[EventCountry "ESA"]
[TimeControl "40/5400+30:1800+30"]
[WhiteClock "1:34:31"]
[BlackClock "1:34:31"]

1. d4 Nf6 2. c4 g6 3. Nf3 Bg7 4. g3 O-O 5. Bg2 c6 6. O-O d5 7. cxd5 cxd5 8.
Nc3 Nc6 9. Ne5 e6 10. Nxc6 bxc6 1/2-1/2

[Event "XI Continental-ch America 2016"]
[Site "San Salvador"]
[Date "2016.05.31"]
[Round "5"]
[White "Pichot, Alan"]
[Black "Cordova, Emilio"]
[Result "0-1"]
[ECO "C10"]
[WhiteElo "2532"]
[BlackElo "2602"]
[PlyCount "42"]
[EventDate "2016.??.??"]
[EventCountry "ESA"]
[TimeControl "40/5400+30:1800+30"]
[WhiteClock "0:10:56"]
[BlackClock "0:32:14"]

1. e4 e6 2. d4 d5 3. Nc3 h6 4. e5 c5 5. dxc5 Nc6 6. Nf3 Bxc5 7. Bd3 a6 8.
O-O Nge7 9. a3 Ba7 10. h3 O-O 11. Bf4 f5 12. exf6 Rxf6 13. Bg3 Nf5 14. Bh2 Bd7 15. Ne2 Rf7 16. c4 dxc4 17. Bxc4 Nh4 18. Nxh4 Qxh4 19. Nf4 Rxf4 20. g3 Qxh3 21. gxf4 Nd4 0-1

[Event "XI Continental-ch America 2016"]
[Site "San Salvador"]
[Date "2016.05.31"]
[Round "5"]
[White "Valenzuela, Fernando"]
[Black "Bruzon Batista, Lazaro"]
[Result "0-1"]
[ECO "E21"]
[WhiteElo "2409"]
[BlackElo "2681"]
[PlyCount "106"]
[EventDate "2016.??.??"]
[EventCountry "ESA"]
[TimeControl "40/5400+30:1800+30"]
[WhiteClock "0:09:25"]
[BlackClock "0:18:00"]

1. d4 Nf6 2. c4 e6 3. Nc3 Bb4 4. Nf3 O-O 5. Bg5 h6 6. Bh4 d6 7. e3 Nbd7 8. a3 Bxc3+ 9. bxc3 b6 10. Bd3 Bb7 11. O-O c5 12. Nd2 Qc7 13.
Qe2 Rfe8 14. Rac1 Rac8 15. f3 Ba6 16. Ne4 Nh7 17. Bg3 e5 18.
d5 f5 19. Nf2 g6 20. h4 Ndf6 21. Bh2 Kh8 22. g4 fxg4 23. fxg4 Rg8 24. g5 hxg5 25. hxg5 Nh5 26. Ne4 Rcf8 27. Ng3 Nxg3 28. Bxg3 Qe7 29. Kg2 Qxg5 30. Rh1 Bc8 31. Rh4 Rf7 32. Rch1 Rgg7 33. Be4 Kg8 34. Bf3 Bf5 35. e4 Bd7 36. Bg4 Bxg4 37. Rxg4 Qf6 38. Rgh4 g5 39. Rh5 g4 40. Rf5 Qg6 41. Rhh5 Rxf5 42. Rxf5 Qh6 43. Qf2 Rg6 44. Kg1 Ng5 45. Qc2 Nf3+ 46. Kf2 Qd2+ 47. Qxd2 Nxd2 48. Ke3 Nxc4+ 49. Kd3 b5 50. Rf1 Nxa3 51. Ra1 Nc4 52. Rxa7 Rf6 53. Ke2 Rf3 0-1

[Event "XI Continental-ch America 2016"]
[Site "San Salvador"]
[Date "2016.05.31"]
[Round "5"]
[White "Liang, Awonder"]
[Black "Erenburg, Sergey"]
[Result "1/2-1/2"]
[ECO "B11"]
[WhiteElo "2410"]
[BlackElo "2587"]
[PlyCount "34"]
[EventDate "2016.??.??"]
[EventCountry "ESA"]
[TimeControl "40/5400+30:1800+30"]
[WhiteClock "0:14:36"]
[BlackClock "0:17:13"]

1. e4 c6 2. Nc3 d5 3. Nf3 Bg4 4. h3 Bxf3 5. Qxf3 Nf6 6. d3 e6 7. g3 Bb4 8. Bd2 Qb6 9. e5 Nfd7 10. Qg4 Nxe5 11. Qxg7 Ng6 12. Be3 Qd8 13. h4 h5 14. Bg5 Qb6 15. Be3 Qd8 16. Bg5 Qb6 17. Be3 Qd8 1/2-1/2

[Event "XI Continental-ch America 2016"]
[Site "San Salvador"]
[Date "2016.05.31"]
[Round "5"]
[White "Flores, Diego"]
[Black "Sanchez, Roberto Carlos"]
[Result "1/2-1/2"]
[ECO "A05"]
[WhiteElo "2592"]
[BlackElo "2397"]
[PlyCount "27"]
[EventDate "2016.??.??"]
[EventCountry "ESA"]
[TimeControl "40/5400+30:1800+30"]
[WhiteClock "0:12:10"]
[BlackClock "1:24:10"]

1. Nf3 Nf6 2. c4 c6 3. g3 g6 4. b3 Bg7 5. Bb2 O-O 6. Bg2 d5 7. d3 Bg4 8. Nbd2 Nbd7 9. O-O Re8 10. Ne5 Nxe5 11. Bxe5 Qd7 12. d4 Bh6 13. Bxf6 exf6 14. Nf3 1/2-1/2

[Event "XI Continental-ch America 2016"]
[Site "San Salvador"]
[Date "2016.05.31"]
[Round "5"]
[White "Kovalyov, Anton"]
[Black "Morovic Fernandez, Ivan"]
[Result "1-0"]
[ECO "E92"]
[WhiteElo "2602"]
[BlackElo "2573"]
[PlyCount "67"]
[EventDate "2016.??.??"]
[EventCountry "ESA"]
[TimeControl "40/5400+30:1800+30"]
[WhiteClock "0:45:44"]
[BlackClock "0:00:54"]

1. Nf3 Nf6 2. c4 g6 3. Nc3 Bg7 4. e4 d6 5. d4 O-O 6. Be2 e5 7. Be3 c6 8. O-O exd4 9. Bxd4 Qe7 10. Qc2 Bg4 11. Rad1 Nbd7 12. h3 Bxf3 13. Bxf3 Rfe8 14. Rfe1 a6 15. b3 Qe6 16. Be2 b5 17. Bf1 Bh6 18. Be3 Bxe3 19. Rxe3 Nb6 20. Ne2 Rac8 21. Nd4 Qe7 22. Qd2 bxc4 23. bxc4 c5 24. Nf3 Nxe4 25. Qd3 Qb7 26. Rde1 f5 27. Ng5 d5 28. cxd5 Nd6 29. Rxe8+ Rxe8 30. Rxe8+ Nxe8 31. Qe3 Nf6 32. Qe6+ Kg7 33. Bxa6 Qxa6 34. Qf7+ 1-0

[Event "XI Continental-ch America 2016"]
[Site "San Salvador"]
[Date "2016.05.31"]
[Round "6"]
[White "Gemy, Jose"]
[Black "Pichot, Alan"]
[Result "0-1"]
[ECO "A49"]
[WhiteElo "2410"]
[BlackElo "2532"]
[PlyCount "58"]
[EventDate "2016.??.??"]
[EventCountry "ESA"]
[TimeControl "40/5400+30:1800+30"]
[WhiteClock "0:40:14"]
[BlackClock "0:21:03"]

1. Nf3 Nf6 2. d4 g6 3. g3 Bg7 4. Bg2 O-O 5. O-O d6 6. b3 c5 7. Bb2 cxd4 8. Nxd4 d5 9. Na3 e5 10. Nf3 e4 11. Nd4 e3 12. f4 Qe7 13. c4 Rd8 14. Qc2 Nc6 15. Rad1 Nxd4 16. Rxd4 Bf5 17. Qc1 Rac8 18. Rfd1 h5 19. Qa1 Ng4 20. Rxd5 Rxd5 21. Rxd5 Be4 22. Bxg7 Bxg2 23. Kxg2 Qe4+ 24. Kh3 Nf2+ 25. Kh4 Qe6 26. f5 Qe4+ 27. Kg5 Qg4+ 28. Kf6 Re8 29. Qe5 Ne4+ 0-1

[Event "XI Continental-ch America 2016"]
[Site "San Salvador"]
[Date "2016.05.31"]
[Round "6"]
[White "Bruzon Batista, Lazaro"]
[Black "Mareco, Sandro"]
[Result "1/2-1/2"]
[ECO "B51"]
[WhiteElo "2681"]
[BlackElo "2625"]
[PlyCount "57"]
[EventDate "2016.??.??"]
[EventCountry "ESA"]
[TimeControl "40/5400+30:1800+30"]
[WhiteClock "0:11:37"]
[BlackClock "1:02:56"]

1. e4 c5 2. Nf3 d6 3. Bb5+ Nd7 4. O-O Ngf6 5. Re1 a6 6. Bf1 b6 7. d4 cxd4 8. Nxd4 Bb7 9. c4 e6 10. Nc3 Be7 11. f3 O-O 12. Be3 Rc8 13.
Qd2 Qc7 14. Rac1 Rfe8 15. Kh1 Qb8 16. a3 Bd8 17. Bg1 h5 18.
Bf2 Ne5 19. Na4 Ng6 20. b4 Bc7 21. c5 b5 22. c6 Ba8 23.
Nc3 Bb6 24. a4 e5 25. Nf5 Bxf2 26. Qxf2 Bxc6 27. axb5 axb5 28.
Red1 Red8 29. Qa2 1/2-1/2

[Event "XI Continental-ch America 2016"]
[Site "San Salvador"]
[Date "2016.05.31"]
[Round "6"]
[White "Perez, Matias"]
[Black "Liang, Awonder"]
[Result "0-1"]
[ECO "B96"]
[WhiteElo "2437"]
[BlackElo "2410"]
[PlyCount "98"]
[EventDate "2016.??.??"]
[EventCountry "ESA"]
[TimeControl "40/5400+30:1800+30"]
[WhiteClock "0:11:48"]
[BlackClock "0:10:58"]

1. e4 c5 2. Nf3 d6 3. d4 cxd4 4. Nxd4 Nf6 5. Nc3 a6 6. Bg5 e6 7. f4 Nbd7 8. Qe2 Qc7 9. O-O-O Be7 10. g4 b5 11. a3 h6 12. Bh4 Bb7 13. Kb1 Qc4 14. Qe1 Qc5 15. f5 e5 16. Nb3 Qc7 17. Bxf6 Nxf6 18. Rg1 O-O-O 19. Nd5 Nxd5 20. exd5 Kb8 21. Na5 Rc8 22. c4 Bh4 23. Qb4 Bf2 24. Rg2 Bc5 25. Qe1 bxc4 26. Bxc4 Ka7 27. Nc6+ Bxc6 28. dxc6 Qxc6 29. Bd5 Qa4 30. Rg3 Bd4 31. Ka2 Rc2 32. Rb3 Rb8 33. Rxb8 Kxb8 34. Rb1 Bc5 35. Qg3 Ka7 36. Bxf7 e4 37. Qb3 Qxb3+ 38. Kxb3 Rxh2 39. Kc4 Rd2 40. b4 Bb6 41. Re1 e3 42. a4 d5+ 43. Kb3 Kb7 44. a5 Ba7 45.
Be8 e2 46. Kc3 Be3 47. b5 d4+ 48. Kb4 Bf2 49. bxa6+ Kb8 0-1

[Event "XI Continental-ch America 2016"]
[Site "San Salvador"]
[Date "2016.05.31"]
[Round "6"]
[White "Erenburg, Sergey"]
[Black "Flores, Diego"]
[Result "1-0"]
[ECO "B42"]
[WhiteElo "2587"]
[BlackElo "2592"]
[PlyCount "93"]
[EventDate "2016.??.??"]
[EventCountry "ESA"]
[TimeControl "40/5400+30:1800+30"]
[WhiteClock "0:17:59"]
[BlackClock "0:27:19"]

1. e4 c5 2. Nf3 e6 3. d4 cxd4 4. Nxd4 a6 5. Bd3 Qb6 6. c3 Qc7 7. O-O Nf6 8. Qe2 d6 9. c4 b6 10. Nc3 Bb7 11. f4 Be7 12. f5 Nc6 13.
Be3 Nxd4 14. Bxd4 O-O 15. Rae1 Rae8 16. fxe6 fxe6 17. e5 dxe5 18. Bxe5 Bd6 19. h3 Qc5+ 20. Kh1 Bxe5 21. Qxe5 Qc6 22. Ne4 Kh8 23. Rf2 Rd8 24. Bb1 Nd7 25. Rxf8+ Rxf8 26. Qg3 e5 27. Kh2 Qxc4 28. Nd6 Qd5 29. Nxb7 Qxb7 30. Qh4 Nf6 31. Rxe5 Qc7 32. Qg3 h6 33. Bg6 Qc1 34. b3 Qb2 35. a4 Nd7 36. Re6 Rf1 37. Bd3 Qxb3 38. Qd6 Nf8 39. Rxh6+ gxh6 40.
Qxh6+ Kg8 41. Bxf1 Qxa4 42. Qxb6 a5 43. Qc7 Nd7 44. Bc4+ Kf8 45.
Qd8+ Kg7 46. Qg5+ Kf8 47. Bb5 1-0

[Event "XI Continental-ch America 2016"]
[Site "San Salvador"]
[Date "2016.05.31"]
[Round "6"]
[White "Cordova, Emilio"]
[Black "Gonzalez, Yuri"]
[Result "1-0"]
[ECO "A05"]
[WhiteElo "2602"]
[BlackElo "2555"]
[PlyCount "121"]
[EventDate "2016.??.??"]
[EventCountry "ESA"]
[TimeControl "40/5400+30:1800+30"]
[WhiteClock "0:04:10"]
[BlackClock "0:00:54"]

1. Nf3 Nf6 2. c4 e6 3. b3 Be7 4. Bb2 O-O 5. g3 b6 6. Bg2 Bb7 7. O-O c5 8. Nc3 d6 9. d4 cxd4 10. Qxd4 Nbd7 11. Nb5 Ne8 12. Qe3 a6 13. Nbd4 Nc5 14. a4 Qc7 15. b4 Ne4 16. Rfc1 N8f6 17. h3 Qd7 18. Nb3 a5 19. b5 Qc7 20. Nfd4 Rfc8 21. Rab1 Rab8 22. Qd3 e5 23. Nf5 Bf8 24. Ne3 Re8 25. Rd1 Rbd8 26. Rbc1 g6 27. Nd5 Bxd5 28. cxd5 Nc5 29. Qb1 Nfd7 30. Rc4 Rc8 31. Nd2 Qd8 32. h4 Bh6 33. Bc1 Qe7 34. Nf3 Bxc1 35. Rdxc1 Rcd8 36. e4 Kg7 37. Bh3 Nf6 38. Nd2 h6 39. Nf1 Rf8 40. Ne3 Rfe8 41. Rd1 h5 42. f3 Rf8 43. Qb2 Rfe8 44. Rxc5 dxc5 45. Nc4 Qc7 46. d6 Qb8 47. Rd3 Kg8 48.
Qd2 Nd7 49. Kh2 Kg7 50. f4 exf4 51. Qxf4 f6 52. Bxd7 Rxd7 53. g4 Qb7 54. Re3 hxg4 55. Qxg4 Rf7 56. h5 g5 57. e5 fxe5 58. Nxe5 Kh7 59. Nxf7 Rxe3 60. Qf5+ Kg8 61. Nh6+
1-0

[Event "XI Continental-ch America 2016"]
[Site "San Salvador"]
[Date "2016.05.31"]
[Round "6"]
[White "Lenderman, Aleksandr"]
[Black "Kovalyov, Anton"]
[Result "1/2-1/2"]
[ECO "E32"]
[WhiteElo "2614"]
[BlackElo "2602"]
[PlyCount "95"]
[EventDate "2016.??.??"]
[EventCountry "ESA"]
[TimeControl "40/5400+30:1800+30"]
[WhiteClock "0:30:45"]
[BlackClock "0:31:35"]

1. d4 Nf6 2. c4 e6 3. Nc3 Bb4 4. Qc2 O-O 5. Nf3 c5 6. dxc5 Na6 7. g3 Nxc5 8. Bg2 b6 9. O-O Bb7 10. Nb5 Be4 11. Qd1 Nb7 12. a3 Be7 13.
Bf4 Nh5 14. Bc7 Qc8 15. Bd6 Nxd6 16. Nxd6 Bxd6 17. Qxd6 Qb7 18. Rfd1 Nf6 19. Bf1 Bxf3 20. exf3 Rac8 21. f4 Rfd8 22. Rac1 Qc7 23. Qd2 Qc5 24. Bg2 Rc7 25. Bf3 Rdc8 26. Rc3 Qf5 27. Qd4 h6 28. h4 d5 29. cxd5 Rxc3 30. bxc3 exd5 31. Bxd5 Nxd5 32. Qxd5 Qxd5 33. Rxd5 Rxc3 34. Rd8+ Kh7 35. Rd7 Rxa3 36.
Rxf7 Kg6 37. Rb7 h5 38. Kg2 Kf6 39. f3 Ra2+ 40. Kh3 Rf2 41.
Rxa7 Rxf3 42. Rd7 Re3 43. Rd5 g6 44. Rb5 Re6 45. Rg5 Re3 46.
Rb5 Re6 47. Rg5 Re3 48. Rb5 {Ke5} 1/2-1/2

[Event "XI Continental-ch America 2016"]
[Site "San Salvador"]
[Date "2016.05.31"]
[Round "6"]
[White "Morovic Fernandez, Ivan"]
[Black "Gonzalez, Bernal"]
[Result "1-0"]
[ECO "B72"]
[WhiteElo "2573"]
[BlackElo "2476"]
[PlyCount "106"]
[EventDate "2016.??.??"]
[EventCountry "ESA"]
[TimeControl "40/5400+30:1800+30"]
[WhiteClock "0:12:40"]
[BlackClock "0:12:04"]

1. e4 c5 2. Nf3 d6 3. d4 cxd4 4. Nxd4 Nf6 5. Nc3 g6 6. Be3 Bg7 7. Be2 O-O 8. Qd2 Nc6 9. O-O-O Ng4 10. Bxg4 Bxg4 11. f3 Be6 12. Nxe6 fxe6 13. Ne2 Ne5 14. Bd4 Rc8 15. b3 a5 16. Kb1 b5 17. f4 Ng4 18. Bxg7 Kxg7 19. Nd4 Qd7 20. e5 Nh6 21. Rhe1 d5 22. Qxa5 Rxf4 23. Qb6 Kg8 24. Nxe6 Rf5 25. Re2 Nf7 26. Nd4 Rxe5 27. Rxe5 Nxe5 28. Qxb5 Qd6 29. Qe2 Nc6 30. Qe6+ Qxe6 31. Nxe6 Nb4 32. Rd4 Nxc2 33. Rxd5 Ne3 34. Rd2 Kf7 35. Re2 Nd5 36. Ng5+ Kf6 37. Ne4+ Kf5 38. Ng3+ Kf6 39. Kb2 h5 40. Rf2+ Ke5 41. Re2+ Kd4 42. Rd2+ Ke5 43. Ne2 g5 44. a4 g4 45. Ka3 Ne3 46. g3 Nf1 47. Rd7 e6 48.
a5 Ke4 49. a6 Ne3 50. a7 Nd5 51. b4 Ra8 52. Kb3 Nb6 53. Rb7 Kd5 1-0

[Event "XI Continental-ch America 2016"]
[Site "San Salvador"]
[Date "2016.05.31"]
[Round "6"]
[White "Sanchez, Roberto Carlos"]
[Black "Ortiz Suarez, Isan Reynaldo"]
[Result "1-0"]
[ECO "A04"]
[WhiteElo "2397"]
[BlackElo "2578"]
[PlyCount "67"]
[EventDate "2016.??.??"]
[EventCountry "ESA"]
[TimeControl "40/5400+30:1800+30"]
[WhiteClock "0:12:32"]
[BlackClock "0:19:00"]

1. Nf3 c5 2. c4 Nc6 3. Nc3 e5 4. g3 g6 5. Bg2 Bg7 6. h4 h6 7. d3 d6 8. h5 g5 9. a3 a5 10. Nd5 Nce7 11. Nc3 Nf6 12. Rb1 Bd7 13. b4 axb4 14. axb4 cxb4 15. Rxb4 Bc6 16. Bd2 O-O 17. Rb1 Nh7 18. e4 f5 19. exf5 Nxf5 20. Ne4 Nf6 21. Nxf6+ Qxf6 22. O-O Qf7 23. Nh2 Ra2 24. Bxc6 bxc6 25. Bc3 Ra3 26. Bb2 Ra7 27. Ng4 Rb7 28. Ne3 Nxe3 29. fxe3 Qxf1+ 30. Qxf1 Rxf1+ 31. Kxf1 e4 32. d4 c5 33. dxc5 dxc5 34. Bc1 1-0

[Event "XI Continental-ch America 2016"]
[Site "San Salvador"]
[Date "2016.06.01"]
[Round "7"]
[White "Pichot, Alan"]
[Black "Bruzon Batista, Lazaro"]
[Result "1/2-1/2"]
[ECO "C65"]
[WhiteElo "2532"]
[BlackElo "2681"]
[PlyCount "67"]
[EventDate "2016.??.??"]
[EventCountry "ESA"]
[TimeControl "40/5400+30:1800+30"]
[WhiteClock "0:01:56"]
[BlackClock "0:26:39"]

1. e4 e5 2. Nf3 Nc6 3. Bb5 Nf6 4. d3 d6 5. c3 Be7 6. O-O O-O 7. Re1 a6 8. Ba4 b5 9. Bc2 d5 10. a4 dxe4 11. dxe4 Qxd1 12. Rxd1 b4 13. Bg5 Be6 14. Nbd2 Rfb8 15. Bd3 bxc3 16. bxc3 Bc5 17. Bxf6 gxf6 18. Bc4 Na5 19. Bd5 Ra7 20. Rab1 Rb6 21. Bxe6 fxe6 22. Kf1 Ra8 23. Ke2 Rc6 24. g4 Bb6 25. g5 Kf7 26. Nb3 Re8 27. Rd7+ Re7 28.
gxf6 Kxf6 29. Nxa5 Bxa5 30. Nxe5 Rxc3 31. Ng4+ Kf7 32. Ne5+ Kf6 33. Ng4+ Kf7 34. Ne5+ 1/2-1/2